 Dungeon Crawl Stone Soup version 0.26-a0-976-gd3b5134375 (webtiles) character file.

Game seed: 10392188476290142744

12187 Peloso the Blocker (level 11, -2/95 HPs)
             Began as a Minotaur Fighter on Dec 5, 2020.
             Was an Elder of Okawaru.
             Slain by a troll (7 damage)
             ... on level 12 of the Dungeon.
             The game lasted 00:24:49 (11920 turns).

Peloso the Blocker (Minotaur Fighter)              Turns: 11920, Time: 00:24:50

Health: -2/95      AC: 23    Str: 23    XL:     11   Next: 59%
Magic:  2/19       EV: 11    Int:  5    God:    Okawaru [****..]
Gold:   397        SH:  0    Dex: 11    Spells: 10/10 levels left

rFire    . . .     SeeInvis .   c - +7 lajatang of Order {silver, rMut}
rCold    . . .     Faith    .   (shield currently unavailable)
rNeg     . . .     Spirit   .   B - +0 plate armour
rPois    .         Reflect  .   (helmet restricted)
rElec    .         Harm     .   n - +0 cloak
rCorr    .         Rampage  +   i - +0 pair of gloves
rMut     +                      E - +1 pair of boots {rampage}
MR       .....                  (no amulet)
Stlth    ..........             m - ring of magical power
HPRegen  0.25/turn              (no ring)
MPRegen  0.16/turn

@: heroism
A: retaliatory headbutt, horns 2
a: Heroism, Renounce Religion


You were on level 12 of the Dungeon.
You worshipped Okawaru.
Okawaru was greatly pleased with you.
You visited 2 branches of the dungeon, and saw 15 of its levels.

You collected 565 gold pieces.
You spent 168 gold pieces at shops.

Inventory:

Hand Weapons
 a - a +1 falchion of holy wrath
 b - a +5 spear of flaming
 c - the +7 lajatang of Order (weapon) {silver, rMut}
   (You found it on level 10 of the Dungeon)

   It protects you from mutation.
Armour
 i - a +0 pair of gloves (worn)
 n - a +0 cloak (worn)
 u - a +0 kite shield
 B - a +0 plate armour (worn)
 E - a +1 pair of boots of rampaging (worn)
Jewellery
 j - an uncursed amulet of regeneration {unknown}
 m - a ring of magical power (left hand)
 C - an uncursed ring of ice
Wands
 s - a wand of polymorph (6)
 A - a wand of iceblast (15)
 D - a wand of paralysis (15)
Scrolls
 d - a scroll of amnesia
 e - a scroll of blinking
 f - 2 scrolls of identify
 g - 6 scrolls of remove curse
 h - 2 scrolls of noise
 o - 3 scrolls of teleportation
 t - 2 scrolls of enchant weapon
 v - a scroll of fog
 z - a scroll of immolation
Potions
 k - 3 potions of flight
 p - a potion of resistance
 q - 5 potions of curing
 r - 4 potions of magic
 w - 2 potions of invisibility
 x - a potion of haste


   Skills:
 + Level 8.8(13.8) Fighting
 + Level 10.6(15.6) Long Blades
 + Level 6.9(12.4) Polearms
 + Level 4.1(11.0) Staves
 + Level 10.8(15.8) Armour
 + Level 3.6(8.6) Dodging
 + Level 2.0(7.0) Stealth
 + Level 11.6(16.6) Shields
 + Level 0.2 Invocations


You had 10 spell levels left.
You didn't know any spells.
Your spell library contained the following spells:

 Spells                   Type           Power        Failure   Level
 Animate Skeleton         Necr           #.....       99%         1
 Freeze                   Ice            #...         99%         1
 Magic Dart               Conj           #...         99%         1
 Pain                     Necr           #...         99%         1
 Searing Ray              Conj           #.....       100%        2
 Dazzling Flash           Conj/Hex       #.....       100%        3
 Frozen Ramparts          Ice            #.....       100%        3
 Ozocubu's Armour         Ice            #.......     100%        3
 Vampiric Draining        Necr           #.........   100%        3
 Animate Dead             Necr           #.........   100%        4
 Fulminant Prism          Conj/Hex       #.........   100%        4
 Hailstorm                Conj/Ice       #.......     100%        4
 Iskenderun's Mystic Bla  Conj/Tloc      #.......     100%        4
 Summon Ice Beast         Ice/Summ       #.......     100%        4
 Agony                    Necr           #.......     100%        5


Dungeon Overview and Level Annotations

Branches:
Dungeon (14/15)            Temple (1/1) D:4            Lair (0/6) D:10
    Orc: D:9-12      Vaults: D:13-14

Altars:
Ashenzari
Cheibriados
Dithmenos
Elyvilon
Fedhas
Gozag
Hepliaklqana
Kikubaaqudgha
Makhleb
Nemelex Xobeh
Okawaru
Qazlal
Ru
Sif Muna
Trog
Uskayaw
Vehumet
Wu Jian
Xom
Yredelemnul
Zin
The Shining One

Shops:
D:6 :   D:7 (   D:14 [

Portals:
Trove: D:12 (show slimy rune of Zot)


Innate Abilities, Weirdness & Mutations

You reflexively headbutt those who attack you in melee.
You have a pair of horns on your head.


Message History

You kill the yak!
Okawaru accepts your kill.
Your base Staves skill increases to level 4!
You closely miss the troll. Your headbutt misses the troll.
The troll closely misses you. You furiously retaliate!
You headbutt the troll.
The troll claws you but does no damage. x2
You slash the troll!
The troll is heavily wounded.
The troll barely misses you. You furiously retaliate!
You headbutt the troll! The troll claws you.
* * * LOW HITPOINT WARNING * * *
The troll claws you.
* * * LOW HITPOINT WARNING * * *
You closely miss the troll.
You headbutt the troll, but do no damage.
The troll is severely wounded.
The troll bites you.
* * * LOW HITPOINT WARNING * * *
The troll claws you!
You die...

######### #........
######### #........
#(......# #........
#.......# #####....$...
#....†..# ##..@TG†......
.
#.......###..###........
8.+.......†...##
#........
..........#####
#........ ####'######
#........ #..# #######+#
##.#### #.Y..# ####.#


You could see an eye of draining and a troll.

Vanquished Creatures
  Harold (D:7)
  A boulder beetle (D:11)
  A two-headed ogre (D:8)
  2 unseen horrors (D:10)
  A kobold demonologist (D:11)
  Grinder (D:5)
  A troll (D:9)
  A meliai zombie (D:10)
  A shadow (D:12)
  A vampire (D:10)
  2 humans (D:8)
  16 yaks
  Grum (D:10)
  Menkaure (D:4)
  Edmund (D:6)
  3 sky beasts
  4 orc warriors
  A necrophage (D:10)
  2 ice beasts
  A phantom (D:9)
  A black bear (D:7)
  5 centaurs
  3 ogres
  4 wolves (D:9)
  Blork the orc (D:6)
  A big kobold (D:11)
  8 bullfrogs
  A gnoll sergeant (D:1)
  A scorpion (D:11)
  6 killer bees (D:12)
  A howler monkey (D:4)
  2 jellies
  3 centaur zombies
  3 bullfrog zombies
  A quasit (D:7)
  6 hounds
  A centaur skeleton (D:8)
  3 orc priests
  12 orc wizards
  2 bullfrog skeletons
  7 iguanas
  9 worker ants
  A hound zombie (D:5)
  A hound skeleton (D:8)
  8 gnolls
  A howler monkey skeleton (D:8)
  9 adders
  2 white imps
  2 ufetubi
  An ooze (D:4)
  5 adder skeletons
  2 worms
  2 dart slugs
  4 leopard geckos
  43 orcs
  2 ball pythons
  6 bats
  3 giant cockroaches
  6 goblins
  3 hobgoblins
  6 jackals
  4 quokkas
  9 frilled lizards
  A jackal skeleton (D:5)
  7 kobolds
  A leopard gecko skeleton (D:8)
  6 rats
259 creatures vanquished.

Notes
Turn   | Place    | Note
-------+----------+-------------------------------------------
     0 | D:1      | Peloso the Minotaur Fighter began the quest for the Orb.
     0 | D:1      | Reached XP level 1. HP: 19/19 MP: 0/0
   197 | D:1      | Reached XP level 2. HP: 26/27 MP: 1/1
   265 | D:1      | Reached skill level 4 in Shields
   708 | D:2      | Noticed a gnoll sergeant
   728 | D:2      | Reached XP level 3. HP: 18/33 MP: 2/2
   728 | D:2      | Noticed a sky beast
   873 | D:1      | Killed a gnoll sergeant
   874 | D:1      | Reached skill level 1 in Dodging
   874 | D:1      | Reached XP level 4. HP: 3/40 MP: 3/3
  1214 | D:2      | Killed a sky beast
  1215 | D:2      | Reached skill level 5 in Shields
  1215 | D:2      | Reached XP level 5. HP: 5/47 MP: 4/4
  2132 | D:2      | Reached XP level 6. HP: 35/53 MP: 5/5
  2422 | D:3      | Reached skill level 5 in Armour
  3028 | D:4      | Reached skill level 1 in Polearms
  3066 | D:4      | Noticed Menkaure
  3072 | D:4      | Killed Menkaure
  3073 | D:4      | Reached skill level 1 in Stealth
  3147 | D:4      | Reached XP level 7. HP: 38/60 MP: 6/6
  3412 | D:4      | Found a staircase to the Ecumenical Temple.
  3575 | Temple   | Entered the Ecumenical Temple
  4344 | D:4      | Reached skill level 5 in Fighting
  4486 | D:5      | Entered Level 5 of the Dungeon
  4492 | D:5      | Reached skill level 6 in Shields
  4605 | D:5      | Found a white marble altar of Elyvilon.
  4909 | D:5      | Reached XP level 8. HP: 68/68 MP: 7/7
  4990 | D:5      | Reached skill level 5 in Polearms
  5133 | D:5      | Noticed Grinder
  5140 | D:5      | Killed Grinder
  5476 | D:5      | Reached skill level 7 in Shields
  6274 | D:6      | Noticed Blork the orc
  6289 | D:6      | Killed Blork the orc
  6789 | D:6      | Reached XP level 9. HP: 75/75 MP: 8/8
  6820 | D:6      | Found Udoujae's Book Shop.
  7014 | D:6      | Noticed Edmund
  7027 | D:6      | Killed Edmund
  7028 | D:6      | Reached skill level 5 in Long Blades
  7057 | D:6      | Reached skill level 8 in Shields
  7280 | D:7      | Noticed Harold
  7299 | D:7      | Killed Harold
  7376 | D:7      | Reached skill level 9 in Shields
  7487 | D:7      | Found a hide-covered altar of Uskayaw.
  7753 | D:7      | Found Kuacunei's Antique Weapon Shoppe.
  7800 | D:7      | Bought a runed falchion for 168 gold pieces
  7839 | D:7      | Found a shimmering blue altar of Sif Muna.
  8172 | D:7      | Reached XP level 10. HP: 84/84 MP: 9/9
  8482 | D:8      | Noticed a two-headed ogre
  8501 | D:8      | Killed a two-headed ogre
  8734 | D:8      | Found a glowing silver altar of Zin.
  8773 | D:8      | Found a shadowy altar of Dithmenos.
  8852 | D:8      | Found an iron altar of Okawaru.
  8858 | D:8      | Became a worshipper of Warmaster Okawaru
  9426 | D:9      | Reached * piety under Okawaru
  9427 | D:9      | Reached skill level 10 in Shields
  9922 | D:9      | Found a sparkling altar of Nemelex Xobeh.
  9977 | D:10     | Entered Level 10 of the Dungeon
  9977 | D:10     | Noticed Grum
 10085 | D:9      | Reached skill level 10 in Long Blades
 10196 | D:10     | Killed Grum
 10196 | D:10     | Reached ** piety under Okawaru
 10325 | D:10     | Killed an unseen horror
 10412 | D:10     | Found a staircase to the Lair.
 10503 | D:10     | Killed an unseen horror
 10504 | D:10     | Reached skill level 10 in Armour
 10504 | D:10     | Reached XP level 11. HP: 72/94 MP: 10/10
 10826 | D:10     | Reached *** piety under Okawaru
 10827 | D:10     | Reached skill level 11 in Shields
 11066 | D:10     | Found the +7 lajatang of Order {silver, rMut}
 11735 | D:11     | Noticed a boulder beetle
 11746 | D:11     | Killed a boulder beetle
 11746 | D:11     | Reached **** piety under Okawaru
 11752 | D:11     | You fall into a shaft and drop 3 floors!
 11759 | D:14     | Noticed a two-headed ogre
 11759 | D:14     | Noticed a deep elf mage
 11761 | D:14     | Noticed a centaur warrior
 11761 | D:14     | Noticed an ogre mage
 11762 | D:14     | Noticed a deep elf mage
 11762 | D:14     | Noticed a deep elf knight
 11765 | D:14     | Noticed a sixfirhy
 11808 | D:14     | Found Xurai's Antique Armour Boutique.
 11869 | D:12     | Found a portal to a secret trove of treasure.
 11920 | D:12     | Slain by a troll

Illustrated notes

Levels and vault maps discovered:
D:1:      dpeg_arrival_long_road, layout_basic
D:2:      layout_basic
D:3:      layout_basic, minmay_distorted
D:4:      minmay_opposing_rooms, layout_basic, minmay_temple_entry_grid,
          roderic_st_hans_cross, uniq_menkaure
D:5:      layout_gridville, elyvilon_altar_4, uniq_grinder
D:6:      layout_basic, serial_shops, shop_statue, uniq_edmund,
          uniq_blork_the_orc
D:7:      layout_basic, lemuel_coloured_pillars_altar, lemuel_doored_altar,
          serial_shops, nicolae_shop_stone, hex_medium, uniq_harold
D:8:      layout_loops_ring, zin_academy, okawaru_humans,
          nicolae_dithmenos_shadow_blocks
D:9:      layout_basic, nemelex_spade_bored_becter
D:10:     layout_gridville, lair_entry_dummy, uniq_grum
D:11:     layout_cave_pods, minmay_orc_entry_temple_small, enter_bailey_2,
          minmay_parallelograms
D:12:     layout_roguey, enter_trove_2
D:13:     layout_gridville, kennysheep_opposing_triangles
D:14:     layout_basic, hangedman_vaults_entry_quadrant_bands, kennysheep_donut,
          serial_shops, shop_fountains, shop, shop,
          nicolae_shop_temple_entry_statues_fountains, kennysheep_mini
Temple:   lightli_temple_of_artemis

Skill      XL: |  1  2  3  4  5  6  7  8  9 10 11 |
---------------+----------------------------------+-----
Armour         | 4 5 6 7 8 10 | 10.8
Shields        | 4 5 6 7 9 10 11 | 11.6
Fighting       | 4 5 6 7 8 |  8.8
Long Blades    | 3 4 8 10 | 10.6
Dodging        | 1 2 3 |  3.6
Polearms       | 2 4 6 |  6.9
Stealth        | 1 2 |  2.0
Staves         | 4 |  4.1
Invocations    | |  0.2

Action                   |  1- 3 |  4- 6 |  7- 9 | 10-12 || total
-------------------------+-------+-------+-------+-------++-------
Melee: Long sword        |    87 |     5 |   244 |       ||   336
       Headbutt          |    13 |    16 |    75 |   107 ||   211
       Spear             |       |   100 |   142 |       ||   242
       Falchion          |       |       |    22 |   380 ||   402
       Lajatang          |       |       |       |    58 ||    58
Invok: Heroism           |       |       |       |     4 ||     4
  Use: Potion            |     2 |     1 |       |     4 ||     7
       Scroll            |       |     3 |    10 |     8 ||    21
 Stab: Invisible         |     1 |       |       |       ||     1
Armor: Scale mail        |    44 |    44 |    32 |       ||   120
       Plate armour      |       |       |   129 |   303 ||   432
       Chain mail        |       |       |    33 |       ||    33
Dodge: Dodged            |    28 |    33 |    91 |   149 ||   301
Block: Kite shield       |    48 |    48 |   219 |   228 ||   543
       Rpst.: Long sword |     6 |       |    16 |       ||    22
       Falchion          |       |       |       |    24 ||    24

Table legend: (Time is in decaauts)
 A = Elapsed time spent in this place.
 B = Non-inter-level travel time spent in this place.
 C = Inter-level travel time spent in this place.
 D = Time resting spent in this place.
 E = Time spent auto-exploring this place.
 F = Levels seen in this place.
 G = Mean time per level.
                   A        B        C        D        E       F      G
               +--------+--------+--------+--------+--------+-----+--------+
         Total |  11952 |  11702 |    250 |   1154 |   7813 |  15 |  796.8 |
       Dungeon |  11836 |  11586 |    250 |   1154 |   7749 |  14 |  845.4 |
        Temple |    115 |    115 |      0 |      0 |     64 |   1 |  115.0 |
               +--------+--------+--------+--------+--------+-----+--------+

Top non-repeatable levels by time:
     D:5: 1447 daAuts
     D:2: 1428 daAuts
    D:10: 1391 daAuts
     D:4: 1355 daAuts
     D:7: 1285 daAuts
     D:6: 1188 daAuts
     D:1: 991 daAuts
     D:8: 897 daAuts
     D:9: 883 daAuts
     D:3: 643 daAuts
    D:11: 155 daAuts
  Temple: 115 daAuts
    D:12: 97 daAuts
    D:14: 61 daAuts
    D:13: 8 daAuts
